Mulligans vs Ice Dragons
Created - April 15, 2019 at 19:01
Goals
|
| Mulligans |
1 |
6 |
1 |
8 |
| Ice Dragons |
0 |
2 |
0 |
2 |
|
Shots
|
| Mulligans |
16 |
19 |
6 |
41 |
| Ice Dragons |
12 |
9 |
10 |
31 |
|
1st period
1. Mulligans , Matt Beleskey 24 (Darren Dietz 16) at 19:54
Penalties :
No Penalty
2nd period
2. Mulligans , Eric Tangradi 39 (Nick Bonino 73) at 2:08
3. Mulligans , Sven Baertschi 18 (Dalton Thrower 3, Anton Lander 37) at 7:44
4. Mulligans , Nick Bonino 53 (Eric Tangradi 47, Alexander Sulzer 7) at 9:37
5. Mulligans , Nick Bonino 54 (Eric Tangradi 48) at 9:58
6. Mulligans , Matt Hunwick 2 (Anton Lander 38, Logan Shaw 29) at 13:14 (PP)
7. Mulligans , Nick Bonino 55 (Maxime Macenauer 32) at 15:44
8. Ice Dragons , Michael Chaput 33 (Dmitri Orlov 22) at 19:15
9. Ice Dragons , Alec Martinez 6 (Brian Boyle 28, Brandon Kozun 39) at 19:29
Penalties :
Theodor Blueger (Kin) for Interference (Minor) at 12:30, Brandon Kozun (Kin) for Fighting (Major) at 13:24, Eric Tangradi (Rep) for Fighting (Major) at 13:24, Michael Stone (Kin) for Fighting (Major) at 16:22, Maxime Macenauer (Rep) for Fighting (Major) at 16:22
3rd period
10. Mulligans , Drayson Bowman 22 (Joonas Donskoi 18, Alexander Sulzer 8) at 9:56
Penalties :
Joonas Donskoi (Rep) for Interference (Minor) at 7:06, Brayden McNabb (Kin) for Interference (Minor) at 14:49
Goalie Stats
Calvin Pickard (Rep), 29 saves from 31 shots - (0.935), W, 23-15-6, 60:00 minutes
Anders Nilsson (Kin), 25 saves from 32 shots - (0.781), L, 19-28-1, 35:44 minutes
Harru Sateri (Kin), 8 saves from 9 shots - (0.889), 24:16 minutes
Players Stats for Mulligans
Player Name G A P +/- PIM S H SB GA TA FO MP PP MP PK MP
------------------------------------------------------------------------------------
Alexander Sulzer 0 2 2 3 0 1 0 5 1 1 0/0 23:41 1:40 0:50
Anton Lander 0 2 2 1 0 4 1 1 0 0 8/17 17:36 1:08 0:41
Cade Fairchild 0 0 0 0 0 1 1 1 0 2 0/0 12:15 0:00 0:58
Christoph Bertschy 0 0 0 0 0 0 0 0 0 0 0/2 9:09 0:00 0:00
Cody Goloubef 0 0 0 0 0 3 1 0 0 0 0/0 15:56 0:00 0:58
Dalton Thrower 0 1 1 2 0 2 0 0 0 0 0/0 5:27 0:00 0:11
Darren Dietz 0 1 1 2 0 0 1 0 0 0 0/0 5:16 0:00 0:00
Drayson Bowman 1 0 1 0 0 3 0 0 1 0 0/0 11:42 0:00 0:00
Eric Tangradi 1 2 3 2 5 8 3 4 0 0 1/3 19:39 1:35 0:22
Jonathan Tremblay 0 0 0 1 0 1 1 0 0 0 0/1 9:11 0:00 0:57
Joonas Donskoi 0 1 1 0 2 1 0 0 0 0 0/0 12:23 0:00 0:00
Logan Shaw 0 1 1 1 0 2 1 0 1 0 0/0 16:43 1:08 0:00
Matt Beleskey 1 0 1 1 0 2 1 0 1 0 0/0 8:11 0:00 0:00
Matt Donovan 0 0 0 0 0 1 2 1 1 2 0/0 18:37 1:03 0:00
Matt Hunwick 1 0 1 3 0 3 0 0 0 0 0/0 23:41 1:40 0:50
Maxime Macenauer 0 1 1 2 5 2 0 1 1 0 7/9 12:58 0:00 0:59
Michael Sdao 0 0 0 0 0 0 3 1 0 1 0/0 15:07 1:03 0:11
Nick Bonino 3 1 4 3 0 5 0 0 1 0 14/37 21:46 1:35 0:24
Sven Baertschi 1 0 1 1 0 2 2 0 0 0 0/0 17:18 1:08 0:35
Valeri Nichushkin 0 0 0 3 0 0 0 1 0 0 2/2 21:22 1:35 0:00
Players Stats for Ice Dragons
Player Name G A P +/- PIM S H SB GA TA FO MP PP MP PK MP
------------------------------------------------------------------------------------
Alec Martinez 1 0 1 0 0 5 2 0 2 1 0/0 27:36 1:24 1:30
Brandon Kozun 0 1 1 0 5 0 1 1 0 1 0/1 17:01 1:12 0:00
Brayden McNabb 0 0 0 -3 2 1 1 1 1 0 0/0 17:59 0:35 0:00
Brian Boyle 0 1 1 -2 0 4 2 1 1 0 20/38 25:03 0:51 1:52
Chris Wagner 0 0 0 -1 0 0 1 0 0 0 0/0 13:13 0:00 0:00
David Rundblad 0 0 0 -3 0 1 2 0 0 1 0/0 19:32 0:35 1:13
Dmitri Orlov 0 1 1 2 0 0 0 0 0 0 0/0 6:29 0:00 0:37
Justin Shugg 0 0 0 -3 0 3 2 0 1 0 0/0 18:08 0:47 0:00
Kevin Connauton 0 0 0 -2 0 3 0 0 0 1 0/0 13:28 0:00 0:36
Logan MacMillan 0 0 0 -1 0 1 1 0 0 0 0/1 20:21 0:51 0:33
Luke Adam 0 0 0 -2 0 5 2 0 0 0 10/15 19:50 0:47 1:51
Matt Corrente 0 0 0 -1 0 3 2 1 1 2 0/0 22:47 1:24 1:30
Michael Chaput 1 0 1 -1 0 4 3 0 0 0 5/10 13:40 0:00 0:19
Michael Ferland 0 0 0 -2 0 0 1 1 0 0 0/0 19:49 0:47 0:42
Michael Stone 0 0 0 -3 5 0 0 0 0 1 0/0 12:08 0:00 0:00
Sam Carrick 0 0 0 -1 0 1 0 1 0 0 0/1 6:54 0:21 0:00
Theodor Blueger 0 0 0 -1 2 0 4 1 0 0 4/5 16:30 0:21 0:09
Thomas Gobeil 0 0 0 -1 0 0 0 0 0 0 0/0 6:45 0:00 0:00
3 Stars
1 - Nick Bonino (Rep)
2 - Eric Tangradi (Rep)
3 - Alexander Sulzer (Rep)
Power Play
Mulligans - 1 on 2 Attempt(s) - 50.00%
Ice Dragons - 0 on 1 Attempt(s) - 0.00%
Penalty Kill
Mulligans - 1 on 1 Attempt(s) - 100.00%
- Score 0 goal in Penalty Kill
Ice Dragons - 1 on 2 Attempt(s) - 50.00%
- Score 0 goal in Penalty Kill
Team Stat
Mulligans - Hits : 17 - Faceoff Wins : 32 - Blocked Shots : 15 - Penalty Minutes : 12
Ice Dragons - Hits : 24 - Faceoff Wins : 39 - Blocked Shots : 7 - Penalty Minutes : 14
Official
Referees : Unknown
Linesman : Unknown
Game Notes
Brandon Kozun and Eric Tangradi fight to a draw at 13:24 of 2nd period
Nick Bonino has scored a Hat Trick!
Harru Sateri enters game at 15:44 of 2nd period
Michael Stone beats up Maxime Macenauer at 16:22 of 2nd period
Finance
Level 1 -- Attendance: 1563 (78.15%) -- Ticket Income $62,520
Level 2 -- Attendance: 745 (74.50%) -- Ticket Income $14,900
Total Attendance: 2308 (76.93%)
Total Ticket Income: $77,420
Other Income: $3,871
Total Income: $81,291
Mulligans
5 vs 5 Forward
Center Left Wing Right Wing Time % Phy DF OF
1 Nick Bonino Eric Tangradi Valeri Nichushkin 40 0 2 3
2 Anton Lander Sven Baertschi Logan Shaw 30 0 2 3
3 Maxime Macenauer Drayson Bowman Joonas Donskoi 20 1 2 2
4 Christoph Bertschy Matt Beleskey Jonathan Tremblay 10 1 2 2
5 vs 5 Defense
Defense Defense Time % Phy DF OF
1 Alexander Sulzer Matt Hunwick 40 0 3 2
2 Matt Donovan Cody Goloubef 30 0 3 2
3 Michael Sdao Cade Fairchild 20 0 3 2
4 Darren Dietz Dalton Thrower 10 1 3 1
PowerPlay Forward
Center Left Wing Right Wing Time % Phy DF OF
1 Nick Bonino Eric Tangradi Valeri Nichushkin 60 1 1 3
2 Anton Lander Sven Baertschi Logan Shaw 40 1 1 3
PowerPlay Defense
Defense Defense Time % Phy DF OF
1 Alexander Sulzer Matt Hunwick 60 0 2 3
2 Michael Sdao Matt Donovan 40 0 2 3
Penalty Kill 4 Players Forward
Center Wing Time % Phy DF OF
1 Maxime Macenauer Jonathan Tremblay 60 1 3 1
2 Anton Lander Eric Tangradi 40 1 3 1
Penalty Kill 4 Players Defense
Defense Defense Time % Phy DF OF
1 Matt Hunwick Alexander Sulzer 60 1 4 0
2 Cade Fairchild Cody Goloubef 40 1 4 0
Penalty Kill - 3 Players Forward
Forward Time % Phy DF OF
1 Anton Lander 60 1 3 1
2 Jonathan Tremblay 40 1 3 1
Penalty Kill - 3 Players Defense
Defense Defense Time % Phy DF OF
1 Matt Hunwick Cody Goloubef 60 1 4 0
2 Dalton Thrower Alexander Sulzer 40 1 4 0
4 vs 4 Forward
Center Wing Time % Phy DF OF
1 Nick Bonino Eric Tangradi 60 0 2 3
2 Anton Lander Logan Shaw 40 0 2 3
4 vs 4 Defense
Defense Defense Time % Phy DF OF
1 Alexander Sulzer Matt Donovan 60 1 2 2
2 Darren Dietz Matt Hunwick 40 1 2 2
Last Minutes Offensive
Center Left Wing Right Wing Defense Defense
Nick Bonino Eric Tangradi Jonathan Tremblay Alexander Sulzer Matt Hunwick
Last Minutes Defensive
Center Left Wing Right Wing Defense Defense
Anton Lander Eric Tangradi Jonathan Tremblay Alexander Sulzer Matt Hunwick
Goaltenders
Starting : Calvin Pickard
Backup : Juuse Saros
Extra Forwards
Normal : Maxime Macenauer, Joonas Donskoi, Christoph Bertschy - PP : Maxime Macenauer, Jonathan Tremblay - PK : Nick Bonino
Extra Defensemen
Normal : Cade Fairchild, Darren Dietz, Dalton Thrower - PP : Alexander Sulzer - PK : Matt Hunwick, Michael Sdao
Penalty Shots
Christoph Bertschy, Maxime Macenauer, Eric Tangradi, Anton Lander, Nick Bonino
Scratches
Reid Boucher (Healthy), Ben Hutton (Healthy), Nick Moutrey (Healthy), Stuart Percy (Healthy), John Hayden (Healthy)
Jonny Brodzinski (Healthy), Marek Langhamer (Healthy)
Ice Dragons
5 vs 5 Forward
Center Left Wing Right Wing Time % Phy DF OF
1 Brian Boyle Logan MacMillan Brandon Kozun 40 1 2 2
2 Luke Adam Michael Ferland Justin Shugg 30 1 2 2
3 Michael Chaput Theodor Blueger Chris Wagner 20 1 2 2
4 Sam Carrick Brian Boyle Thomas Gobeil 10 1 2 2
5 vs 5 Defense
Defense Defense Time % Phy DF OF
1 Alec Martinez Matt Corrente 40 1 2 2
2 David Rundblad Brayden McNabb 30 1 2 2
3 Michael Stone Kevin Connauton 20 1 2 2
4 Dmitri Orlov Alec Martinez 10 1 2 2
PowerPlay Forward
Center Left Wing Right Wing Time % Phy DF OF
1 Brian Boyle Logan MacMillan Brandon Kozun 60 1 2 2
2 Luke Adam Michael Ferland Justin Shugg 40 1 2 2
PowerPlay Defense
Defense Defense Time % Phy DF OF
1 Alec Martinez Matt Corrente 60 1 2 2
2 David Rundblad Brayden McNabb 40 1 2 2
Penalty Kill 4 Players Forward
Center Wing Time % Phy DF OF
1 Brian Boyle Luke Adam 60 1 2 2
2 Michael Chaput Logan MacMillan 40 1 2 2
Penalty Kill 4 Players Defense
Defense Defense Time % Phy DF OF
1 Alec Martinez Matt Corrente 60 1 2 2
2 David Rundblad Brayden McNabb 40 1 2 2
Penalty Kill - 3 Players Forward
Forward Time % Phy DF OF
1 Brian Boyle 60 1 2 2
2 Luke Adam 40 1 2 2
Penalty Kill - 3 Players Defense
Defense Defense Time % Phy DF OF
1 Alec Martinez Matt Corrente 60 1 2 2
2 David Rundblad Brayden McNabb 40 1 2 2
4 vs 4 Forward
Center Wing Time % Phy DF OF
1 Brian Boyle Luke Adam 60 1 2 2
2 Michael Chaput Logan MacMillan 40 1 2 2
4 vs 4 Defense
Defense Defense Time % Phy DF OF
1 Alec Martinez Matt Corrente 60 1 2 2
2 David Rundblad Brayden McNabb 40 1 2 2
Last Minutes Offensive
Center Left Wing Right Wing Defense Defense
Brian Boyle Logan MacMillan Brandon Kozun Alec Martinez Matt Corrente
Last Minutes Defensive
Center Left Wing Right Wing Defense Defense
Brian Boyle Logan MacMillan Brandon Kozun Alec Martinez Matt Corrente
Goaltenders
Starting : Anders Nilsson
Backup : Harru Sateri
Extra Forwards
Normal : Theodor Blueger, Sam Carrick, Michael Ferland - PP : Theodor Blueger, Sam Carrick - PK : Michael Ferland
Extra Defensemen
Normal : Michael Stone, Kevin Connauton, Dmitri Orlov - PP : Michael Stone - PK : Kevin Connauton, Dmitri Orlov
Penalty Shots
Brian Boyle, Luke Adam, Michael Chaput, Logan MacMillan, Brandon Kozun
Scratches
Alex Henriksson (Healthy), Emil Pettersson (Healthy), Cole Ully (Healthy), William Carrier (Bruised Right Shoulder Injury), Christian Djoos (Healthy)
Alex Plante (Healthy), Samuel Groulx (Healthy), Oscar Dansk (Healthy)
% Time on Ice - Mulligans
Lines # - Real PCT - Wanted PCT - Time Play
Normal Forward
1 - 36% - 40% - 19:50
2 - 28% - 30% - 15:35
3 - 21% - 20% - 11:42
4 - 15% - 10% - 8:11
Normal Defense
1 - 38% - 40% - 21:11
2 - 32% - 30% - 17:34
3 - 20% - 20% - 11:17
4 - 10% - 10% - 5:16
PP Forward
1 - 58% - 60% - 1:35
2 - 42% - 40% - 1:08
PP Defense
1 - 61% - 60% - 1:40
2 - 39% - 40% - 1:03
PK Forward
1 - 82% - 60% - 1:37
2 - 18% - 40% - 0:22
PK Defense
1 - 51% - 60% - 1:01
2 - 49% - 40% - 0:58
PK3 Forward
1 - 0% - 60%
2 - 0% - 40%
PK3 Defense
1 - 0% - 60%
2 - 0% - 40%
44 Forward
1 - 0% - 60%
2 - 0% - 40%
44 Defense
1 - 0% - 60%
2 - 0% - 40%
Last Minute Offensive - 0:00
Last Minute Defensive - 0:00
Total
Forward - 60:00
Defense - 60:00
|
% Time on Ice - Ice Dragons
Lines # - Real PCT - Wanted PCT - Time Play
Normal Forward
1 - 33% - 40% - 18:20
2 - 31% - 30% - 17:12
3 - 24% - 20% - 13:13
4 - 12% - 10% - 6:33
Normal Defense
1 - 36% - 40% - 19:53
2 - 32% - 30% - 17:44
3 - 23% - 20% - 12:52
4 - 9% - 10% - 4:49
PP Forward
1 - 61% - 60% - 1:12
2 - 39% - 40% - 0:47
PP Defense
1 - 71% - 60% - 1:24
2 - 29% - 40% - 0:35
PK Forward
1 - 88% - 60% - 2:24
2 - 12% - 40% - 0:19
PK Defense
1 - 55% - 60% - 1:30
2 - 45% - 40% - 1:13
PK3 Forward
1 - 0% - 60%
2 - 0% - 40%
PK3 Defense
1 - 0% - 60%
2 - 0% - 40%
44 Forward
1 - 0% - 60%
2 - 0% - 40%
44 Defense
1 - 0% - 60%
2 - 0% - 40%
Last Minute Offensive - 0:00
Last Minute Defensive - 0:00
Total
Forward - 60:00
Defense - 60:00
|
Play-by-Play
1st period
0:01 of 1st period - Brian Boyle wins face-off versus Nick Bonino in neutral zone.
0:33 of 1st period - Drayson Bowman is hit by David Rundblad and loses puck.
1:28 of 1st period - Off-side.
1:29 of 1st period - Valeri Nichushkin wins face-off versus Sam Carrick in neutral zone.
1:32 of 1st period - Slapshot by Eric Tangradi.
1:32 of 1st period - Shot Blocked by Sam Carrick.
1:34 of 1st period - Slapshot by Cade Fairchild.
1:34 of 1st period - Shot Blocked by Brian Boyle.
1:36 of 1st period - Slapshot by Cade Fairchild.
1:36 of 1st period - Stopped by Anders Nilsson without a rebound.
1:37 of 1st period - Luke Adam wins face-off versus Anton Lander in Ice Dragons zone.
1:42 of 1st period - Alec Martinez is hit by Darren Dietz.
1:48 of 1st period - Wrist shot by Anton Lander.
1:48 of 1st period - Deflect By Logan Shaw.
1:48 of 1st period - Shot Misses the Net.
1:48 of 1st period - Puck is out of play.
1:49 of 1st period - Theodor Blueger wins face-off versus Nick Bonino in Ice Dragons zone.
2:14 of 1st period - Alec Martinez is hit by Michael Sdao and loses puck.
3:02 of 1st period - Snap shot by Matt Beleskey.
3:02 of 1st period - Stopped by Anders Nilsson without a rebound.
3:03 of 1st period - Michael Chaput wins face-off versus Jonathan Tremblay in Ice Dragons zone.
3:08 of 1st period - Cody Goloubef is hit by Chris Wagner and loses puck.
3:17 of 1st period - Wrist shot by Jonathan Tremblay.
3:17 of 1st period - Shot Misses the Net.
3:20 of 1st period - Icing by Brayden McNabb.
3:21 of 1st period - Nick Bonino wins face-off versus Michael Chaput in Ice Dragons zone.
3:36 of 1st period - Wrist shot by Michael Chaput.
3:36 of 1st period - Stopped by Calvin Pickard with a rebound.
3:52 of 1st period - Wrist shot by Anton Lander.
3:52 of 1st period - Shot Blocked by Brayden McNabb.
3:54 of 1st period - Wrist shot by Logan Shaw.
3:54 of 1st period - Deflect By Anton Lander.
3:54 of 1st period - Stopped by Anders Nilsson with a rebound.
3:56 of 1st period - Backhand shot by Dalton Thrower.
3:56 of 1st period - Stopped by Anders Nilsson with a rebound.
4:18 of 1st period - Off-side.
4:19 of 1st period - Luke Adam wins face-off versus Nick Bonino in neutral zone.
5:03 of 1st period - Slapshot by Kevin Connauton.
5:03 of 1st period - Shot Misses the Net.
5:47 of 1st period - Snap shot by Luke Adam.
5:47 of 1st period - Shot Misses the Net.
5:49 of 1st period - Slapshot by Michael Stone.
5:49 of 1st period - Deflect By Justin Shugg.
5:49 of 1st period - Stopped by Calvin Pickard without a rebound.
5:50 of 1st period - Anton Lander wins face-off versus Michael Chaput in Mulligans zone.
5:59 of 1st period - Slapshot by Logan Shaw.
5:59 of 1st period - Stopped by Anders Nilsson without a rebound.
6:00 of 1st period - Michael Chaput wins face-off versus Anton Lander in Ice Dragons zone.
6:19 of 1st period - Slapshot by Anton Lander.
6:19 of 1st period - Shot Misses the Net.
6:21 of 1st period - Slapshot by Matt Hunwick.
6:21 of 1st period - Stopped by Anders Nilsson without a rebound.
6:22 of 1st period - Brian Boyle wins face-off versus Nick Bonino in Ice Dragons zone.
6:26 of 1st period - Off-side.
6:27 of 1st period - Nick Bonino wins face-off versus Brian Boyle in neutral zone.
6:30 of 1st period - Wrist shot by Eric Tangradi.
6:30 of 1st period - Stopped by Anders Nilsson without a rebound.
6:31 of 1st period - Brian Boyle wins face-off versus Nick Bonino in Ice Dragons zone.
7:02 of 1st period - Slapshot by Nick Bonino.
7:02 of 1st period - Deflect By Eric Tangradi.
7:02 of 1st period - Shot Misses the Net.
7:02 of 1st period - Puck is out of play.
7:03 of 1st period - Luke Adam wins face-off versus Maxime Macenauer in Ice Dragons zone.
7:08 of 1st period - Matt Hunwick is hit by Justin Shugg and loses puck.
7:14 of 1st period - Off-side.
7:15 of 1st period - Luke Adam wins face-off versus Nick Bonino in neutral zone.
7:22 of 1st period - Slapshot by Matt Corrente.
7:22 of 1st period - Deflect By Cody Goloubef.
7:22 of 1st period - Stopped by Calvin Pickard without a rebound.
7:23 of 1st period - Luke Adam wins face-off versus Nick Bonino in Mulligans zone.
7:30 of 1st period - Snap shot by Alec Martinez.
7:30 of 1st period - Stopped by Calvin Pickard without a rebound.
7:31 of 1st period - Brian Boyle wins face-off versus Eric Tangradi in Mulligans zone.
7:32 of 1st period - Slapshot by Alec Martinez.
7:32 of 1st period - Shot Misses the Net.
7:37 of 1st period - Off-side.
7:38 of 1st period - Brian Boyle wins face-off versus Nick Bonino in neutral zone.
7:51 of 1st period - Wrist shot by Eric Tangradi.
7:51 of 1st period - Stopped by Anders Nilsson without a rebound.
7:52 of 1st period - Luke Adam wins face-off versus Anton Lander in Ice Dragons zone.
7:59 of 1st period - Snap shot by Luke Adam.
7:59 of 1st period - Shot Blocked by Anton Lander.
8:01 of 1st period - Slapshot by Brayden McNabb.
8:01 of 1st period - Stopped by Calvin Pickard without a rebound.
8:02 of 1st period - Anton Lander wins face-off versus Luke Adam in Mulligans zone.
8:21 of 1st period - Wrist shot by Logan Shaw.
8:21 of 1st period - Stopped by Anders Nilsson without a rebound.
8:22 of 1st period - Maxime Macenauer wins face-off versus Brian Boyle in Ice Dragons zone.
9:12 of 1st period - Anton Lander is hit by Theodor Blueger and loses puck.
9:31 of 1st period - Matt Corrente is hit by Jonathan Tremblay and loses puck.
9:59 of 1st period - Dalton Thrower is hit by Brayden McNabb and loses puck.
10:46 of 1st period - Christoph Bertschy is hit by Alec Martinez and loses puck.
12:10 of 1st period - Snap shot by Brandon Kozun.
12:10 of 1st period - Shot Misses the Net.
13:08 of 1st period - Alec Martinez is hit by Cade Fairchild and loses puck.
13:21 of 1st period - Slapshot by Jonathan Tremblay.
13:21 of 1st period - Stopped by Anders Nilsson without a rebound.
13:22 of 1st period - Luke Adam wins face-off versus Christoph Bertschy in Ice Dragons zone.
13:27 of 1st period - Slapshot by Alec Martinez.
13:27 of 1st period - Deflect By Matt Donovan.
13:27 of 1st period - Stopped by Calvin Pickard with a rebound.
13:47 of 1st period - Theodor Blueger is hit by Matt Donovan and loses puck.
14:27 of 1st period - Snap shot by Luke Adam.
14:27 of 1st period - Stopped by Calvin Pickard without a rebound.
14:28 of 1st period - Maxime Macenauer wins face-off versus Brandon Kozun in Mulligans zone.
15:34 of 1st period - Wrist shot by Maxime Macenauer.
15:34 of 1st period - Stopped by Anders Nilsson with a rebound.
15:36 of 1st period - Wrist shot by Matt Donovan.
15:36 of 1st period - Deflect By Drayson Bowman.
15:36 of 1st period - Stopped by Anders Nilsson without a rebound.
15:37 of 1st period - Maxime Macenauer wins face-off versus Brian Boyle in Ice Dragons zone.
15:38 of 1st period - Snap shot by Joonas Donskoi.
15:38 of 1st period - Stopped by Anders Nilsson without a rebound.
15:39 of 1st period - Maxime Macenauer wins face-off versus Brian Boyle in Ice Dragons zone.
15:39 of 1st period - Matt Hunwick is hit by Matt Corrente and loses puck.
15:52 of 1st period - Wrist shot by Drayson Bowman.
15:52 of 1st period - Stopped by Anders Nilsson with a rebound.
16:04 of 1st period - Michael Ferland is hit by Eric Tangradi.
16:08 of 1st period - Slapshot by Matt Corrente.
16:08 of 1st period - Shot Blocked by Alexander Sulzer.
16:12 of 1st period - Slapshot by Luke Adam.
16:12 of 1st period - Stopped by Calvin Pickard with a rebound.
16:14 of 1st period - Wrist shot by Luke Adam.
16:14 of 1st period - Stopped by Calvin Pickard with a rebound.
16:34 of 1st period - Snap shot by Sven Baertschi.
16:34 of 1st period - Shot Misses the Net.
16:52 of 1st period - Snap shot by Christoph Bertschy.
16:52 of 1st period - Shot Hit the Post.
17:45 of 1st period - Slapshot by Alec Martinez.
17:45 of 1st period - Shot Misses the Net.
17:47 of 1st period - Wrist shot by Luke Adam.
17:47 of 1st period - Shot Misses the Net.
17:51 of 1st period - Wrist shot by Luke Adam.
17:51 of 1st period - Shot Blocked by Eric Tangradi.
17:53 of 1st period - Slapshot by Kevin Connauton.
17:53 of 1st period - Shot Hit the Post.
17:55 of 1st period - Slapshot by Kevin Connauton.
17:55 of 1st period - Stopped by Calvin Pickard with a rebound.
17:57 of 1st period - Snap shot by Justin Shugg.
17:57 of 1st period - Shot Blocked by Eric Tangradi.
18:11 of 1st period - Slapshot by Alec Martinez.
18:11 of 1st period - Stopped by Calvin Pickard without a rebound.
18:12 of 1st period - Brian Boyle wins face-off versus Anton Lander in Mulligans zone.
18:41 of 1st period - Snap shot by Michael Chaput.
18:41 of 1st period - Stopped by Calvin Pickard without a rebound.
18:42 of 1st period - Michael Chaput wins face-off versus Maxime Macenauer in Mulligans zone.
19:09 of 1st period - Brian Boyle is hit by Logan Shaw and loses puck.
19:14 of 1st period - Wrist shot by Anton Lander.
19:14 of 1st period - Stopped by Anders Nilsson with a rebound.
19:16 of 1st period - Wrist shot by Cody Goloubef.
19:16 of 1st period - Shot Misses the Net.
19:54 of 1st period - Snap shot by Matt Beleskey.
19:54 of 1st period - Goal by Matt Beleskey - Mulligans : 1 - Ice Dragons : 0.
19:55 of 1st period - Brian Boyle wins face-off versus Nick Bonino in neutral zone.
Goals for this period are 1 for Mulligans vs 0 for Ice Dragons.
Shots for this period are 16 for Mulligans vs 12 for Ice Dragons.
2nd period
0:01 of 2nd period - Nick Bonino wins face-off versus Brian Boyle in neutral zone.
0:04 of 2nd period - Wrist shot by Eric Tangradi.
0:04 of 2nd period - Shot Misses the Net.
0:06 of 2nd period - Slapshot by Alexander Sulzer.
0:06 of 2nd period - Shot Blocked by Brandon Kozun.
0:32 of 2nd period - Slapshot by Luke Adam.
0:32 of 2nd period - Deflect By Justin Shugg.
0:32 of 2nd period - Stopped by Calvin Pickard without a rebound.
0:33 of 2nd period - Anton Lander wins face-off versus Luke Adam in Mulligans zone.
0:56 of 2nd period - Slapshot by Michael Stone.
0:56 of 2nd period - Shot Misses the Net.
0:58 of 2nd period - Slapshot by Luke Adam.
0:58 of 2nd period - Shot Blocked by Matt Donovan.
1:06 of 2nd period - Slapshot by Matt Corrente.
1:06 of 2nd period - Stopped by Calvin Pickard without a rebound.
1:07 of 2nd period - Brian Boyle wins face-off versus Anton Lander in Mulligans zone.
1:16 of 2nd period - Anton Lander is hit by Brandon Kozun.
1:39 of 2nd period - Wrist shot by Brandon Kozun.
1:39 of 2nd period - Shot Blocked by Maxime Macenauer.
1:53 of 2nd period - Maxime Macenauer is hit by Brian Boyle and loses puck.
2:02 of 2nd period - Wrist shot by Brandon Kozun.
2:02 of 2nd period - Deflect By Logan MacMillan.
2:02 of 2nd period - Shot Misses the Net.
2:02 of 2nd period - Puck is out of play.
2:03 of 2nd period - Nick Bonino wins face-off versus Michael Chaput in Mulligans zone.
2:08 of 2nd period - Wrist shot by Eric Tangradi.
2:08 of 2nd period - Goal by Eric Tangradi - Mulligans : 2 - Ice Dragons : 0.
2:09 of 2nd period - Nick Bonino wins face-off versus Luke Adam in neutral zone.
2:12 of 2nd period - Slapshot by Cody Goloubef.
2:12 of 2nd period - Deflect By Nick Bonino.
2:12 of 2nd period - Stopped by Anders Nilsson with a rebound.
2:22 of 2nd period - Snap shot by Nick Bonino.
2:22 of 2nd period - Deflect By Valeri Nichushkin.
2:22 of 2nd period - Shot Blocked by Michael Ferland.
2:22 of 2nd period - Puck is out of play.
2:23 of 2nd period - Brian Boyle wins face-off versus Nick Bonino in Ice Dragons zone.
2:27 of 2nd period - Off-side.
2:28 of 2nd period - Brian Boyle wins face-off versus Nick Bonino in neutral zone.
2:59 of 2nd period - Snap shot by Luke Adam.
2:59 of 2nd period - Shot Misses the Net.
3:01 of 2nd period - Slapshot by Alec Martinez.
3:01 of 2nd period - Shot Blocked by Alexander Sulzer.
3:03 of 2nd period - Snap shot by Justin Shugg.
3:03 of 2nd period - Shot Blocked by Eric Tangradi.
3:17 of 2nd period - Slapshot by Michael Stone.
3:17 of 2nd period - Shot Blocked by Alexander Sulzer.
3:19 of 2nd period - Slapshot by Michael Stone.
3:19 of 2nd period - Shot Blocked by Alexander Sulzer.
3:21 of 2nd period - Slapshot by Chris Wagner.
3:21 of 2nd period - Shot Misses the Net.
3:23 of 2nd period - Slapshot by Kevin Connauton.
3:23 of 2nd period - Stopped by Calvin Pickard without a rebound.
3:24 of 2nd period - Maxime Macenauer wins face-off versus Brian Boyle in Mulligans zone.
3:35 of 2nd period - Wrist shot by Maxime Macenauer.
3:35 of 2nd period - Stopped by Anders Nilsson with a rebound.
4:26 of 2nd period - Matt Beleskey is hit by Michael Chaput and loses puck.
4:58 of 2nd period - Drayson Bowman is hit by Luke Adam and loses puck.
5:33 of 2nd period - Off-side.
5:34 of 2nd period - Luke Adam wins face-off versus Nick Bonino in neutral zone.
6:30 of 2nd period - Slapshot by David Rundblad.
6:30 of 2nd period - Shot Blocked by Alexander Sulzer.
6:48 of 2nd period - Slapshot by Matt Corrente.
6:48 of 2nd period - Stopped by Calvin Pickard with a rebound.
7:26 of 2nd period - Snap shot by Alec Martinez.
7:26 of 2nd period - Stopped by Calvin Pickard without a rebound.
7:27 of 2nd period - Anton Lander wins face-off versus Luke Adam in Mulligans zone.
7:38 of 2nd period - Snap shot by Anton Lander.
7:38 of 2nd period - Stopped by Anders Nilsson with a rebound.
7:40 of 2nd period - Snap shot by Sven Baertschi.
7:40 of 2nd period - Shot Misses the Net.
7:42 of 2nd period - Slapshot by Dalton Thrower.
7:42 of 2nd period - Stopped by Anders Nilsson with a rebound.
7:44 of 2nd period - Wrist shot by Sven Baertschi.
7:44 of 2nd period - Goal by Sven Baertschi - Mulligans : 3 - Ice Dragons : 0.
7:45 of 2nd period - Brian Boyle wins face-off versus Nick Bonino in neutral zone.
7:54 of 2nd period - Snap shot by Nick Bonino.
7:54 of 2nd period - Stopped by Anders Nilsson with a rebound.
7:56 of 2nd period - Slapshot by Matt Donovan.
7:56 of 2nd period - Deflect By Eric Tangradi.
7:56 of 2nd period - Stopped by Anders Nilsson without a rebound.
7:57 of 2nd period - Nick Bonino wins face-off versus Brian Boyle in Ice Dragons zone.
8:22 of 2nd period - Michael Chaput is hit by Sven Baertschi and loses puck.
8:29 of 2nd period - Wrist shot by Anton Lander.
8:29 of 2nd period - Shot Blocked by Theodor Blueger.
8:51 of 2nd period - Michael Ferland is hit by Matt Donovan and loses puck.
9:27 of 2nd period - Icing by Kevin Connauton.
9:28 of 2nd period - Theodor Blueger wins face-off versus Nick Bonino in Ice Dragons zone.
9:37 of 2nd period - Backhand shot by Nick Bonino.
9:37 of 2nd period - Goal by Nick Bonino - Mulligans : 4 - Ice Dragons : 0.
9:38 of 2nd period - Eric Tangradi wins face-off versus Brian Boyle in neutral zone.
9:45 of 2nd period - Snap shot by Brian Boyle.
9:45 of 2nd period - Stopped by Calvin Pickard with a rebound.
9:47 of 2nd period - Snap shot by Logan MacMillan.
9:47 of 2nd period - Stopped by Calvin Pickard without a rebound.
9:48 of 2nd period - Nick Bonino wins face-off versus Logan MacMillan in Mulligans zone.
9:48 of 2nd period - Nick Bonino is hit by Brian Boyle.
9:58 of 2nd period - Slapshot by Nick Bonino.
9:58 of 2nd period - Goal by Nick Bonino - Mulligans : 5 - Ice Dragons : 0.
9:59 of 2nd period - Brian Boyle wins face-off versus Nick Bonino in neutral zone.
10:06 of 2nd period - Slapshot by Cody Goloubef.
10:06 of 2nd period - Stopped by Anders Nilsson with a rebound.
11:12 of 2nd period - Michael Stone is hit by Cody Goloubef and loses puck.
11:17 of 2nd period - Backhand shot by Matt Donovan.
11:17 of 2nd period - Stopped by Anders Nilsson without a rebound.
11:18 of 2nd period - Luke Adam wins face-off versus Nick Bonino in Ice Dragons zone.
11:48 of 2nd period - Slapshot by Alec Martinez.
11:48 of 2nd period - Shot Misses the Net.
11:51 of 2nd period - Icing by Sven Baertschi.
11:52 of 2nd period - Anton Lander wins face-off versus Michael Chaput in Mulligans zone.
12:30 of 2nd period - Minor Penalty to Theodor Blueger for Interference.
12:31 of 2nd period - Brian Boyle wins face-off versus Nick Bonino in Ice Dragons zone.
12:41 of 2nd period - Snap shot by Eric Tangradi.
12:41 of 2nd period - Stopped by Anders Nilsson without a rebound.
12:42 of 2nd period - Nick Bonino wins face-off versus Brian Boyle in Ice Dragons zone.
13:12 of 2nd period - Wrist shot by Anton Lander.
13:12 of 2nd period - Stopped by Anders Nilsson with a rebound.
13:14 of 2nd period - Snap shot by Matt Hunwick.
13:14 of 2nd period - Goal by Matt Hunwick - Mulligans : 6 - Ice Dragons : 0.
13:15 of 2nd period - Nick Bonino wins face-off versus Brian Boyle in neutral zone.
13:18 of 2nd period - Brandon Kozun is hit by Michael Sdao and loses puck.
13:24 of 2nd period - Brandon Kozun and Eric Tangradi fight to a draw.
13:24 of 2nd period - Penalty to Brandon Kozun for Fighting.
13:24 of 2nd period - Penalty to Eric Tangradi for Fighting.
13:25 of 2nd period - Valeri Nichushkin wins face-off versus Brian Boyle in Ice Dragons zone.
13:36 of 2nd period - Slapshot by Matt Hunwick.
13:36 of 2nd period - Shot Blocked by Matt Corrente.
14:03 of 2nd period - Wrist shot by Matt Beleskey.
14:03 of 2nd period - Shot Hit the Post.
14:15 of 2nd period - Michael Sdao is hit by Justin Shugg and loses puck.
15:40 of 2nd period - Icing by Brayden McNabb.
15:41 of 2nd period - Nick Bonino wins face-off versus Brian Boyle in Ice Dragons zone.
15:44 of 2nd period - Wrist shot by Nick Bonino.
15:44 of 2nd period - Goal by Nick Bonino - Mulligans : 7 - Ice Dragons : 0.
15:44 of 2nd period - Harru Sateri enters game.
15:45 of 2nd period - Nick Bonino wins face-off versus Brian Boyle in neutral zone.
16:22 of 2nd period - Michael Stone beats up Maxime Macenauer.
16:22 of 2nd period - Penalty to Michael Stone for Fighting.
16:22 of 2nd period - Penalty to Maxime Macenauer for Fighting.
16:23 of 2nd period - Theodor Blueger wins face-off versus Anton Lander in Ice Dragons zone.
16:48 of 2nd period - Cody Goloubef is hit by Matt Corrente and loses puck.
16:57 of 2nd period - Slapshot by Cody Goloubef.
16:57 of 2nd period - Stopped by Harru Sateri with a rebound.
17:26 of 2nd period - Michael Chaput is hit by Anton Lander and loses puck.
17:31 of 2nd period - Slapshot by Matt Hunwick.
17:31 of 2nd period - Deflect By Drayson Bowman.
17:31 of 2nd period - Shot Hit the Post.
17:31 of 2nd period - Puck is out of play.
17:32 of 2nd period - Luke Adam wins face-off versus Nick Bonino in Ice Dragons zone.
18:02 of 2nd period - Slapshot by Cody Goloubef.
18:02 of 2nd period - Stopped by Harru Sateri without a rebound.
18:03 of 2nd period - Anton Lander wins face-off versus Brian Boyle in Ice Dragons zone.
18:15 of 2nd period - Anton Lander is hit by Logan MacMillan.
18:26 of 2nd period - Cody Goloubef is hit by David Rundblad and loses puck.
18:33 of 2nd period - Wrist shot by Logan MacMillan.
18:33 of 2nd period - Shot Misses the Net.
18:35 of 2nd period - Wrist shot by Logan MacMillan.
18:35 of 2nd period - Deflect By Theodor Blueger.
18:35 of 2nd period - Shot Misses the Net.
18:35 of 2nd period - Puck is out of play.
18:36 of 2nd period - Nick Bonino wins face-off versus Luke Adam in Mulligans zone.
19:02 of 2nd period - Joonas Donskoi is hit by Theodor Blueger.
19:03 of 2nd period - Icing by Joonas Donskoi.
19:04 of 2nd period - Michael Chaput wins face-off versus Christoph Bertschy in Mulligans zone.
19:15 of 2nd period - Snap shot by Michael Chaput.
19:15 of 2nd period - Goal by Michael Chaput - Mulligans : 7 - Ice Dragons : 1.
19:16 of 2nd period - Brian Boyle wins face-off versus Nick Bonino in neutral zone.
19:27 of 2nd period - Snap shot by Brian Boyle.
19:27 of 2nd period - Shot Blocked by Cade Fairchild.
19:29 of 2nd period - Slapshot by Alec Martinez.
19:29 of 2nd period - Goal by Alec Martinez - Mulligans : 7 - Ice Dragons : 2.
19:30 of 2nd period - Nick Bonino wins face-off versus Brian Boyle in neutral zone.
19:33 of 2nd period - Snap shot by Eric Tangradi.
19:33 of 2nd period - Stopped by Harru Sateri with a rebound.
19:55 of 2nd period - Matt Corrente is hit by Sven Baertschi and loses puck.
Goals for this period are 6 for Mulligans vs 2 for Ice Dragons.
Shots for this period are 19 for Mulligans vs 9 for Ice Dragons.
3rd period
0:01 of 3rd period - Nick Bonino wins face-off versus Brian Boyle in neutral zone.
0:03 of 3rd period - Off-side.
0:04 of 3rd period - Brian Boyle wins face-off versus Eric Tangradi in neutral zone.
0:17 of 3rd period - Snap shot by Brian Boyle.
0:17 of 3rd period - Stopped by Calvin Pickard with a rebound.
0:19 of 3rd period - Wrist shot by Brian Boyle.
0:19 of 3rd period - Stopped by Calvin Pickard with a rebound.
0:49 of 3rd period - Wrist shot by Michael Chaput.
0:49 of 3rd period - Shot Misses the Net.
0:55 of 3rd period - Snap shot by Michael Chaput.
0:55 of 3rd period - Stopped by Calvin Pickard with a rebound.
1:17 of 3rd period - Brandon Kozun is hit by Matt Beleskey and loses puck.
1:39 of 3rd period - Off-side.
1:40 of 3rd period - Michael Chaput wins face-off versus Anton Lander in neutral zone.
1:49 of 3rd period - Snap shot by Chris Wagner.
1:49 of 3rd period - Shot Blocked by Michael Sdao.
2:25 of 3rd period - Nick Bonino is hit by Michael Ferland and loses puck.
2:38 of 3rd period - Snap shot by Eric Tangradi.
2:38 of 3rd period - Stopped by Harru Sateri with a rebound.
3:02 of 3rd period - Snap shot by Luke Adam.
3:02 of 3rd period - Stopped by Calvin Pickard with a rebound.
3:04 of 3rd period - Slapshot by Michael Stone.
3:04 of 3rd period - Shot Blocked by Valeri Nichushkin.
3:08 of 3rd period - Snap shot by Kevin Connauton.
3:08 of 3rd period - Shot Blocked by Eric Tangradi.
3:10 of 3rd period - Backhand shot by Justin Shugg.
3:10 of 3rd period - Stopped by Calvin Pickard without a rebound.
3:11 of 3rd period - Brian Boyle wins face-off versus Anton Lander in Mulligans zone.
3:25 of 3rd period - Snap shot by Anton Lander.
3:25 of 3rd period - Shot Misses the Net.
4:00 of 3rd period - Drayson Bowman is hit by Michael Chaput.
5:21 of 3rd period - Cody Goloubef is hit by Luke Adam and loses puck.
5:57 of 3rd period - Logan MacMillan is hit by Eric Tangradi and loses puck.
7:06 of 3rd period - Minor Penalty to Joonas Donskoi for Interference.
7:07 of 3rd period - Maxime Macenauer wins face-off versus Brian Boyle in Mulligans zone.
7:50 of 3rd period - Michael Ferland is hit by Eric Tangradi and loses puck.
8:48 of 3rd period - Icing by Matt Corrente.
8:49 of 3rd period - Anton Lander wins face-off versus Theodor Blueger in Ice Dragons zone.
9:06 of 3rd period - Penalty to Joonas Donskoi is over, Joonas Donskoi is back on ice.
9:21 of 3rd period - Alexander Sulzer is hit by Theodor Blueger and loses puck.
9:46 of 3rd period - Snap shot by Sven Baertschi.
9:46 of 3rd period - Stopped by Harru Sateri with a rebound.
9:48 of 3rd period - Wrist shot by Joonas Donskoi.
9:48 of 3rd period - Shot Misses the Net.
9:50 of 3rd period - Wrist shot by Alexander Sulzer.
9:50 of 3rd period - Stopped by Harru Sateri with a rebound.
9:56 of 3rd period - Backhand shot by Drayson Bowman.
9:56 of 3rd period - Goal by Drayson Bowman - Mulligans : 8 - Ice Dragons : 2.
9:57 of 3rd period - Brian Boyle wins face-off versus Nick Bonino in neutral zone.
10:06 of 3rd period - Nick Bonino is hit by Alec Martinez and loses puck.
11:06 of 3rd period - Slapshot by David Rundblad.
11:06 of 3rd period - Stopped by Calvin Pickard with a rebound.
11:08 of 3rd period - Wrist shot by Sam Carrick.
11:08 of 3rd period - Shot Misses the Net.
11:10 of 3rd period - Snap shot by Sam Carrick.
11:10 of 3rd period - Stopped by Calvin Pickard with a rebound.
11:12 of 3rd period - Wrist shot by Brian Boyle.
11:12 of 3rd period - Shot Misses the Net.
11:22 of 3rd period - Luke Adam is hit by Michael Sdao and loses puck.
11:33 of 3rd period - Slapshot by Brian Boyle.
11:33 of 3rd period - Stopped by Calvin Pickard with a rebound.
11:35 of 3rd period - Snap shot by Brandon Kozun.
11:35 of 3rd period - Shot Misses the Net.
12:54 of 3rd period - Snap shot by Matt Beleskey.
12:54 of 3rd period - Deflect By Jonathan Tremblay.
12:54 of 3rd period - Shot Misses the Net.
12:54 of 3rd period - Puck is out of play.
12:55 of 3rd period - Theodor Blueger wins face-off versus Anton Lander in Ice Dragons zone.
14:01 of 3rd period - Jonathan Tremblay is hit by Theodor Blueger and loses puck.
14:26 of 3rd period - Wrist shot by Luke Adam.
14:26 of 3rd period - Stopped by Calvin Pickard with a rebound.
14:38 of 3rd period - Slapshot by Eric Tangradi.
14:38 of 3rd period - Stopped by Harru Sateri without a rebound.
14:39 of 3rd period - Brian Boyle wins face-off versus Nick Bonino in Ice Dragons zone.
14:49 of 3rd period - Minor Penalty to Brayden McNabb for Interference.
14:50 of 3rd period - Brian Boyle wins face-off versus Nick Bonino in Ice Dragons zone.
15:06 of 3rd period - Slapshot by Matt Hunwick.
15:06 of 3rd period - Stopped by Harru Sateri with a rebound.
15:26 of 3rd period - Wrist shot by Logan Shaw.
15:26 of 3rd period - Shot Misses the Net.
15:42 of 3rd period - Wrist shot by Kevin Connauton.
15:42 of 3rd period - Stopped by Calvin Pickard with a rebound.
16:15 of 3rd period - Icing by Eric Tangradi.
16:16 of 3rd period - Brian Boyle wins face-off versus Nick Bonino in Mulligans zone.
16:49 of 3rd period - Penalty to Brayden McNabb is over, Brayden McNabb is back on ice.
17:02 of 3rd period - Joonas Donskoi is hit by Michael Chaput and loses puck.
19:05 of 3rd period - Icing by Logan Shaw.
19:06 of 3rd period - Anton Lander wins face-off versus Michael Chaput in Mulligans zone.
19:37 of 3rd period - Icing by Alexander Sulzer.
19:38 of 3rd period - Maxime Macenauer wins face-off versus Brian Boyle in Mulligans zone.
Goals for this period are 1 for Mulligans vs 0 for Ice Dragons.
Shots for this period are 6 for Mulligans vs 10 for Ice Dragons.
Back to the Top